 Dungeon Crawl Stone Soup version 0.32-a0-975-g85d4e5bfdb (webtiles) character file.

Game seed: 11709432896546984657

2997 Fodor the Covered (level 9, -1/70 (77) HPs)
             Began as a Minotaur Fighter on Apr 18, 2024.
             Was an Initiate of Gozag.
             Engulfed by a cloud of steam (14 damage)
             ... on level 7 of the Dungeon.
             The game lasted 00:20:44 (5566 turns).

Fodor the Covered (Minotaur Fighter)                Turns: 5566, Time: 00:20:45

HP:   -1/70 (77)    AC: 14    Str: 24    XL:     9   Next: 54%
MP:   8/8           EV:  8    Int:  5    God:    Gozag
Gold: 689           SH:  5    Dex: 11    Spells: 8/8 levels left

rFire   . . .        w - +0 flail (heavy)
rCold   . . .        c - +0 buckler
rNeg    . . .        i - +0 chain mail
rPois   .            (helmet restricted)
rElec   .            (no cloak)
rCorr   +            (no gloves)
SInv    .            (no boots)
Will    .....        m - amulet of regeneration Stlth
                     h - +4 ring of protection
HPRegen 1.11/turn    s - ring of resist corrosion
MPRegen 0.11/turn

%: no passive effects
@: gold aura, drained
A: horns 2, retaliatory headbutt
a: Renounce Religion, Potion Petition, Call Merchant, Bribe Branch


You were on level 7 of the Dungeon.
You worshipped Gozag.
Gozag was pleased with you.
You visited 2 branches of the dungeon, and saw 9 of its levels.

You collected 839 gold pieces.
You spent 28 gold pieces at shops.
You paid 122 gold pieces to Gozag.

Inventory:

Hand Weapons
 p - a +0 sling
 w - a +0 heavy flail (weapon)
 F - a +0 battleaxe
Armour
 c - a +0 buckler (worn)
 i - a +0 chain mail (worn)
Jewellery
 h - a +4 ring of protection (left hand)
 m - an amulet of regeneration (around neck)
 s - a ring of resist corrosion (right hand)
 t - the amulet "Pyazit" {Acrobat Dex+4}
   (You found it on level 3 of the Dungeon)

   [amulet of the acrobat]

   Acrobat:   It increases your evasion while moving and waiting.
   Dex+4:     It affects your dexterity (+4).
 x - a ring of poison resistance
 C - a +5 ring of evasion
Talismans
 v - a maw talisman
 D - a serpent talisman
Wands
 y - a wand of paralysis (14)
 B - a wand of flame (17)
Scrolls
 b - a scroll of noise
 f - 2 scrolls of fog
 n - 3 scrolls of amnesia
 r - 3 scrolls of teleportation
Potions
 a - 2 potions of brilliance {unknown}
 d - a potion of might
 e - 3 potions of lignification {unknown}
 g - 4 potions of heal wounds {unknown}
 j - a potion of degeneration {unknown}
 l - 4 potions of enlightenment {unknown}
 q - 4 potions of curing {unknown}
 E - a potion of ambrosia {unknown}


   Skills:
 + Level 6.3 Fighting
 + Level 4.8(6.7) Axes
 + Level 3.8(5.0) Maces & Flails
 + Level 5.8(6.6) Polearms
 + Level 6.5 Ranged Weapons
 + Level 7.8 Armour
 + Level 3.5 Dodging
 + Level 1.0 Stealth
 + Level 6.7 Shields


You had 8 spell levels left.
You didn't know any spells.
Your spell library contained the following spells:

 Spells                   Type           Power      Damage    Failure   Level
 Apportation              Tloc           0%         N/A       96%         1
 Kiss of Death            Conj/Necr      0%         2d5       96%         1
 Magic Dart               Conj           0%         1d3       96%         1
 Blink                    Tloc           0%         N/A       99%         2
 Call Imp                 Summ           0%         N/A       99%         2
 Jinxbite                 Hex            0%         N/A       99%         2
 Confusing Touch          Hex            0%         N/A       100%        3
 Tukima's Dance           Hex            0%         N/A       100%        3
 Dimensional Bullseye     Hex/Tloc       0%         N/A       100%        4
 Dispel Undead            Necr           0%         3d6       100%        4
 Iskenderun's Mystic Bla Conj/Tloc 0%             2d3        (+2d1     100%        4
 Leda's Liquefaction      Alch/Erth      0%         N/A       100%        4
 Alistair's Intoxication  Alch           0%         N/A       100%        5
 Lee's Rapid Deconstruct  Erth           0%         3d4*      100%        5
 Permafrost Eruption      Ice/Erth       0%         2x4d1     100%        6


Dungeon Overview and Level Annotations

Branches:
Dungeon (8/15)             Temple (1/1) D:4
   Lair: D:8-11

Altars:
Ashenzari
Cheibriados
Dithmenos
Fedhas
Gozag
Kikubaaqudgha
Makhleb
Nemelex Xobeh
Qazlal
Ru
Sif Muna
Uskayaw
Wu Jian
Xom
Yredelemnul
Zin
The Shining One

Shops:
D:3 *?


Innate Abilities, Weirdness & Mutations

You have a pair of horns on your head.
You reflexively headbutt those who attack you in melee.


Message History

You climb upwards.
There is a stone staircase leading down here.
You hit the steam dragon.
The steam dragon is no longer distracted by gold.
The steam dragon is moderately wounded.
You block the steam dragon's attack. The steam dragon claws you.
The wight hits you with a +1 scimitar.
You sock the steam dragon!
The steam dragon is heavily wounded.
The steam dragon bites you!
* * * LOW HITPOINT WARNING * * *
The steam dragon claws you but does no damage.
The wight hits you but does no damage. The steam dragon barely misses you.
You block the steam dragon's attack. The wight hits you but does no damage.
You closely miss the steam dragon.
The steam dragon is heavily wounded.
The steam dragon bites you but does no damage.
The steam dragon claws you but does no damage.
The wight misses you. The steam dragon breathes steam at you.
The ball of steam hits you.
* * * LOW HITPOINT WARNING * * *
The wight hits you but does no damage.
You completely miss the steam dragon. Your headbutt misses the steam dragon.
The steam dragon is heavily wounded.
You are engulfed in a cloud of scalding steam.
* * * LOW HITPOINT WARNING * * *
The steam dragon barely misses you.
The steam dragon claws you but does no damage.
The wight hits you but does no damage. The steam dragon barely misses you.
You furiously retaliate!
You headbutt the steam dragon! You block the steam dragon's attack.
The wight hits you with a +1 scimitar.
* * * LOW HITPOINT WARNING * * *
You feel drained.
* * * LOW HITPOINT WARNING * * *
You sock the steam dragon!
You kill the steam dragon!
You are engulfed in a cloud of scalding steam.
You die...
Your body crumbles into a pile of gold.

#.....# #.....##... #.....#
######.....##... ###.....########
#..........##... ..'............#
#............).. .##.....######.#
#......#.####### .#.........# #.#
####.......##### .#...#####.# #.#
###.......#....
.#....####.###.####.........#....
.###....#......#@$..#.......#....
.#....#.#......#z####.......#####
.#.............#.# #....)..#
.#..###........#.####.......#####
.#.............#.#...............
##.#####.......#.................
.......#.......#.................
##.###.#.#...#.#.#...............
#..#..<#.#...#.#.#..#############


You could see a wight.

Vanquished Creatures
  Maggie (D:7)
  A troll (D:7)
  Eustachio (D:6)
  A wyvern (D:7)
  A steam dragon (D:7)
  Duvessa (D:4)
  An ice beast (D:7)
  2 sky beasts
  2 black bears
  An ogre (D:7)
  2 phantoms
  A kobold brigand (D:7)
  4 scorpions
  3 bullfrogs (D:7)
  6 wights
  Dowan (D:4)
  A howler monkey (D:6)
  2 hounds
  2 orc priests (D:6)
  A bombardier beetle (D:6)
  A gnoll bouda (D:6)
  3 iguanas
  A sleepcap (D:6)
  9 gnolls
  10 adders
  2 shadow imps
  A white imp (D:6)
  2 ribbon worms
  11 orcs
  8 bats
  8 endoplasms
  2 giant cockroaches
  3 goblins
  4 hobgoblins
  2 jackals (D:2)
  3 quokkas
  3 ball pythons
  4 frilled lizards
  5 kobolds
  4 rats
121 creatures vanquished.

Vanquished Creatures (others)
  A wight (D:8)
  2 orcs (D:7)
3 creatures vanquished.

Grand Total: 124 creatures vanquished

Notes
Turn   | Place    | Note
-------+----------+-------------------------------------------
     0 | D:1      | Fodor the Minotaur Fighter began the quest for the Orb.
     0 | D:1      | Reached XP level 1. HP: 19/19 MP: 0/0
    77 | D:1      | Found a faded altar of an unknown god.
   196 | D:1      | Reached XP level 2. HP: 26/27 MP: 1/1
   419 | D:1      | Reached skill level 4 in Armour
   945 | D:2      | Found a glowing golden altar of the Shining One.
  1059 | D:2      | Reached skill level 1 in Ranged Weapons
  1059 | D:2      | Reached XP level 3. HP: 6/33 MP: 2/2
  1748 | D:3      | Identified the amulet "Pyazit" {Acrobat Dex+4}
  1853 | D:3      | Found Iseh's Magic Scroll Shop.
  1862 | D:3      | Reached XP level 4. HP: 40/40 MP: 3/3
  1863 | D:3      | Bought a scroll of identify for 28 gold pieces
  1871 | D:3      | Found Hulueps's General Store.
  1871 | D:3      | You fall into a shaft and drop 2 floors!
  1871 | D:5      | Entered Level 5 of the Dungeon
  1980 | D:5      | Reached XP level 5. HP: 37/46 MP: 4/4
  2215 | D:4      | Noticed Duvessa
  2215 | D:4      | Noticed Dowan
  2234 | D:4      | Killed Duvessa
  2235 | D:4      | Reached skill level 1 in Polearms
  2235 | D:4      | Reached XP level 6. HP: 22/53 MP: 5/5
  2253 | D:4      | Killed Dowan
  2254 | D:4      | Reached skill level 5 in Armour
  2314 | D:4      | Found a snail-covered altar of Cheibriados.
  2735 | D:4      | Found a staircase to the Ecumenical Temple.
  2742 | Temple   | Entered the Ecumenical Temple
  2912 | D:4      | Found an opulent altar of Gozag.
  2917 | D:4      | Became a worshipper of Gozag Ym Sagoz the Greedy
  3210 | D:4      | Reached XP level 7. HP: 60/60 MP: 6/6
  3459 | D:4      | Found an ornate altar of the Wu Jian Council.
  3933 | D:5      | Reached skill level 1 in Dodging
  4073 | D:7      | Reached skill level 5 in Shields
  4073 | D:7      | Noticed a wyvern
  4087 | D:7      | Killed a wyvern
  4088 | D:7      | Reached skill level 5 in Ranged Weapons
  4088 | D:7      | Reached skill level 6 in Armour
  4139 | D:7      | Reached XP level 8. HP: 62/67 MP: 7/7
  4176 | D:7      | Noticed a troll
  4188 | D:7      | Killed a troll
  4189 | D:7      | Reached skill level 5 in Fighting
  4297 | D:7      | Reached skill level 7 in Armour
  4434 | D:7      | Reached skill level 5 in Polearms
  4436 | D:7      | Noticed Maggie
  4462 | D:7      | Killed Maggie
  4463 | D:7      | Reached XP level 9. HP: 55/75 MP: 8/8
  4709 | D:6      | Reached skill level 1 in Stealth
  4755 | D:6      | Noticed Eustachio
  4817 | D:6      | Killed Eustachio
  4818 | D:6      | Reached skill level 1 in Maces & Flails
  4882 | D:6      | Found a shadowy altar of Dithmenos.
  5279 | D:6      | Found a basalt altar of Yredelemnul.
  5566 | D:7      | Engulfed by a cloud of steam

Illustrated notes

Levels and vault maps discovered:
D:1:      ncdulo_halloftheorcs, layout_loops_cross,
          ebering_ecumenical_altar_mist
D:2:      layout_loops_ring, basic_altar, chequers_garden
D:3:      layout_rooms, serial_shops, shop, shop, chequers_serial_rivers_small_b
D:4:      layout_layer_cave, kennysheep_little_box, amcnicky_altar_gilded,
          mainiacjoe_overflow_alcove_4, minmay_temple_entry_enclosed_plants,
          uniq_duvessa
D:5:      layout_basic
D:6:      layout_rooms, mainiacjoe_overflow_six_doors_small,
          mainiacjoe_overflow_brackets, hangedman_decor_points,
          kennysheep_pointless_box, uniq_eustachio
D:7:      layout_basic, uniq_maggie
D:8:      layout_basic, lair_entry_dummy, enter_bailey_5,
          dreamdust_wishing_well, grunt_ministairs_7,
          chequers_serial_rivers_small_a
Temple:   nicolae_temple_slightly_damp_pantheon

Skill      XL: |  1  2  3  4  5  6  7  8  9 |
---------------+----------------------------+-----
Shields        | 4 5 6 |  6.7
Fighting       | 4 5 6 |  6.3
Armour         | 4 5 6 7 |  7.8
Ranged Weapons | 1 2 4 5 6 |  6.5
Axes           | 3 4 |  4.8
Polearms       | 1 2 5 |  5.8
Dodging        | 1 2 3 |  3.5
Stealth        | 1 |  1.0
Maces & Flails | 3 |  3.8

Action                     |  1- 3 |  4- 6 |  7- 9 || total
---------------------------+-------+-------+-------++-------
  Melee: War axe           |    56 |     9 |       ||    65
         Headbutt          |     6 |     5 |    33 ||    44
         Spear             |       |    40 |    80 ||   120
         Flail             |       |       |   113 ||   113
   Fire: Sling             |   109 |    22 |    25 ||   156
    Use: Scroll            |       |     4 |     4 ||     8
 Armour: Scale mail        |    20 |       |       ||    20
         Chain mail        |    90 |    84 |   305 ||   479
  Dodge: Dodged            |    60 |    28 |   160 ||   248
  Block: Buckler           |    38 |    21 |    99 ||   158

Table legend: (Time is in decaauts)
 A = Elapsed time spent in this place.
 B = Non-inter-level travel time spent in this place.
 C = Inter-level travel time spent in this place.
 D = Time resting spent in this place.
 E = Time spent auto-exploring this place.
 F = Levels seen in this place.
 G = Mean time per level.
                   A        B        C        D        E       F      G
               +--------+--------+--------+--------+--------+-----+--------+
         Total |   5810 |   5689 |    121 |      0 |   3667 |   9 |  645.6 |
       Dungeon |   5707 |   5586 |    121 |      0 |   3667 |   8 |  713.4 |
        Temple |    103 |    103 |      0 |      0 |      0 |   1 |  103.0 |
               +--------+--------+--------+--------+--------+-----+--------+

Top non-repeatable levels by time:
     D:4: 1314 daAuts
     D:6: 926 daAuts
     D:2: 920 daAuts
     D:7: 752 daAuts
     D:1: 693 daAuts
     D:5: 602 daAuts
     D:3: 481 daAuts
  Temple: 103 daAuts
     D:8: 16 daAuts
